 Dungeon Crawl Stone Soup version 0.29-a0-598-gd8304a5bf4 (webtiles) character file.

Game seed: 4976164739056656176

261 testman the Skirmisher (level 6, 0/56 HPs)
             Began as a Meteoran Fighter on June 15, 2022.
             Was a Follower of Wu Jian.
             Slain by Edmund
             ... wielding a +2 flail of venom
              (9 damage)
             ... on level 4 of the Dungeon.
             The game lasted 00:04:31 (845 turns).

testman the Skirmisher (Meteoran Fighter)            Turns: 845, Time: 00:04:31

Health: 0/56       AC:  8    Str: 19    XL:     6   Next: 70%
Magic:  7/7        EV:  9    Int: 10    God:    Wu Jian [*.....]
Gold:   79         SH:  5    Dex: 14    Spells: 5/5 levels left

rFire   . . .      SeeInvis .   a - +0 war axe
rCold   . . .      Faith    .   c - +0 buckler
rNeg    . . .      Spirit   .   b - +1 scale mail
rPois   +          Reflect  .   (no helmet)
rElec   .          Harm     .   (no cloak)
rCorr   .          Rampage  .   (no gloves)
Will    .....                   (no boots)
Stlth   ..........              (no amulet)
HPRegen 0.18/turn               j - ring of poison resistance
MPRegen 0.10/turn               (no ring)

@: attractive, glowing
A: sense surroundings 1, otherworldly, glowing, explore regen, subdued magic 1
a: Renounce Religion


You were on level 4 of the Dungeon.
You worshipped Wu Jian.
Wu Jian was aware of your devotion.
You visited 1 branch of the dungeon, and saw 4 of its levels.

You collected 79 gold pieces.

Inventory:

Hand Weapons
 a - a +0 war axe (weapon)
Armour
 b - a +1 scale mail (worn)
 c - a +0 buckler (worn)
Jewellery
 j - a ring of poison resistance (left hand)
Scrolls
 e - a scroll of enchant armour
 h - a scroll of magic mapping {unknown}
 i - a scroll of silence {unknown}
 m - a scroll of blinking {unknown}
 n - a scroll of teleportation {unknown}
 o - 2 scrolls of identify {unknown}
 p - a scroll of vulnerability {unknown}


   Skills:
 + Level 5.5 Fighting
 + Level 5.3 Axes
 - Level 4.0 Armour
 - Level 4.0 Shields


You had 5 spell levels left.
You didn't know any spells.
Your spell library was empty.

Dungeon Overview and Level Annotations

Branches:
Dungeon (4/15) Zot: 1516
 Temple: D:4-7

Altars:
Wu Jian

Annotations:
D:4 Edmund


Innate Abilities, Weirdness & Mutations

You passively map a small area around you.
You are easily found by Zot.
You glow in the dark.
You regain HP and MP as you explore.
Your spells are a little easier to cast, but a little less powerful.


Message History

Edmund hits you with a +2 flail of venom!
You closely miss Edmund.
Edmund is moderately wounded.
Edmund hits you with a +2 flail of venom.
* * * LOW HITPOINT WARNING * * *
Edmund hits you but does no damage.
As you read the scroll labelled TAC USITO TANG, it crumbles to dust.
It is a scroll of enchant armour.
Your +0 scale mail glows green for a moment.
Edmund hits you with a +2 flail of venom.
* * * LOW HITPOINT WARNING * * *
As you read the scroll labelled XIAMYZ XAULOIN, it crumbles to dust.
You hear a loud clanging noise!
It was a scroll of noise.
You block Edmund's attack.
As you read the scroll labelled WUENA JUIZYSK, it crumbles to dust.
You assume a fearsome visage.
Edmund looks frightened!
It was a scroll of fear.
Edmund prays for help.
Edmund is attracted toward you.
You closely miss Edmund.
Edmund is moderately wounded.
Edmund is attracted toward you.
You closely miss Edmund.
Edmund is moderately wounded.
Edmund is attracted toward you.
You barely miss Edmund.
Edmund is moderately wounded.
Edmund is attracted toward you.
You catch the helpless Edmund completely off-guard!
You hit Edmund but do no damage.
Your attack snaps Edmund out of his fear.
Edmund is moderately wounded.
Edmund hits you with a +2 flail of venom.
* * * LOW HITPOINT WARNING * * *
You hit Edmund.
Edmund is moderately wounded.
You block Edmund's attack.
You hit Edmund but do no damage.
Edmund is moderately wounded.
Edmund hits you with a +2 flail of venom!
You die...

* ,,
###################
,
#............>....#
* *
######.#########.#
#.# #.# , +
######'## #.#
#.ยง@@...# #.# *
+........# #.# * *
#........# #.#
#.......## #.#
+###....# #.# +,
#....# #.# #....#
*** #.# *, , ####..
, , #.# * #.#


You could see Edmund.

Vanquished Creatures
  Sigmund (D:2)
  A hound (D:2)
  3 adders
  3 worms (D:2)
  2 dart slugs
  2 bats
  5 endoplasms
  2 giant cockroaches
  4 goblins
  3 kobolds (D:2)
  3 quokkas
  3 ball pythons (D:2)
  A frilled lizard (D:1)
  5 rats
38 creatures vanquished.

Notes
Turn   | Place    | Note
-------+----------+-------------------------------------------
     0 | D:1      | testman the Meteoran Fighter began the quest for the Orb.
     0 | D:1      | Reached XP level 1. HP: 19/19 MP: 2/2
    91 | D:1      | Reached XP level 2. HP: 26/26 MP: 3/3
   358 | D:2      | Reached XP level 3. HP: 18/31 MP: 4/4
   485 | D:2      | Found a faded altar of an unknown god.
   500 | D:2      | Prayed at the altar of an unknown god.
   500 | D:2      | Became a worshipper of the Wu Jian Council
   500 | D:2      | Reached * piety under Wu Jian
   575 | D:2      | Noticed Sigmund
   590 | D:2      | Killed Sigmund
   591 | D:2      | Reached skill level 5 in Fighting
   591 | D:2      | Reached XP level 4. HP: 22/42 MP: 5/5
   591 | D:2      | Reached XP level 5. HP: 26/48 MP: 6/6
   591 | D:2      | Reached XP level 6. HP: 30/56 MP: 7/7
   608 | D:2      | Reached skill level 5 in Axes
   825 | D:4      | Noticed Edmund
   831 | D:4      | Gained mutation: Your spells are a little easier to cast,
                  | but a little less powerful. [potion of mutation]
   845 | D:4      | Slain by Edmund

Illustrated notes

Levels and vault maps discovered:
D:1:      minmay_arrival_checkered_box, layout_loops_ring
D:2:      layout_loops_ring, shapermc_ecumenical_altar_ellora,
          minmay_split_cup_large, uniq_terence, uniq_sigmund
D:3:      layout_basic, bloody_trog
D:4:      minmay_chambers_of_twos, layout_basic,
          nicolae_yredelemnul_ghost_church, uniq_edmund

Skill      XL: |  1  2  3  4  5  6 |
---------------+-------------------+-----
Armour         | 4 |  4.0
Shields        | 4 |  4.0
Axes           | 4 5 |  5.3
Fighting       | 5 |  5.5

Action                   |  1- 3 |  4- 6 || total
-------------------------+-------+-------++-------
Melee: War axe           |    76 |    37 ||   113
Invok: Lunge             |     2 |     3 ||     5
       Whirlwind         |       |     1 ||     1
  Use: Potion            |     1 |     3 ||     4
       Scroll            |       |     3 ||     3
 Stab: Fleeing           |       |     1 ||     1
Armor: Scale mail        |    33 |    17 ||    50
Dodge: Dodged            |    21 |     5 ||    26
Block: Buckler           |    14 |     4 ||    18

Table legend: (Time is in decaauts)
 A = Elapsed time spent in this place.
 B = Non-inter-level travel time spent in this place.
 C = Inter-level travel time spent in this place.
 D = Time resting spent in this place.
 E = Time spent auto-exploring this place.
 F = Levels seen in this place.
 G = Mean time per level.
                   A        B        C        D        E       F      G
               +--------+--------+--------+--------+--------+-----+--------+
         Total |    882 |    860 |     22 |      0 |    457 |   4 |  220.5 |
       Dungeon |    882 |    860 |     22 |      0 |    457 |   4 |  220.5 |
               +--------+--------+--------+--------+--------+-----+--------+

Top non-repeatable levels by time:
     D:2: 377 daAuts
     D:1: 329 daAuts
     D:3: 111 daAuts
     D:4: 63 daAuts
